Capitals vs Hurricanes

Created - February 16 2008 at 19:19

Goals
1 2 3 OT1 T
Capitals 0 0 1 0 1
Hurricanes 0 1 0 1 2
Shots
1 2 3 OT1 T
Capitals 12 5 4 1 22
Hurricanes 11 11 3 1 26

Period #1

No Goal

Penalties :
Trent Hunter (WSH) for Hooking (Minor) at 6:48, Craig Adams (CAR) for Fighting (Major) at 9:09, Ryane Clowe (WSH) for Fighting (Major) at 9:09, Joe Corvo (CAR) for Hooking (Minor) at 18:01, Alexander Ovechkin (WSH) for High sticking (Minor) at 18:18, Brian Pothier (WSH) for Hooking (Minor) at 19:28

Period #2

1. Hurricanes , Sergei Gonchar 6 (Pavol Demitra, Ladislav Nagy) at 11:29 (PP)

Penalties :
Craig Adams (CAR) for Holding (Minor) at 1:57, Bryan Muir (WSH) for Hooking (Minor) at 6:53, Ryane Clowe (WSH) for Hooking (Minor) at 10:46, Robert Scuderi (CAR) for Roughing (Minor) at 16:07, Craig Adams (CAR) for Holding (Minor) at 18:57

Period #3

2. Capitals , Alexander Semin 24 (Dainius Zubrus, Shaone Morrisonn) at 16:37

Penalties :
Jed Ortmeyer (CAR) for Hooking (Minor) at 7:02, Steve Eminger (WSH) for Holding (Minor) at 7:02, Jean-Pierre Vigier (CAR) for Tripping (Minor) at 12:11

Overtime #1

3. Hurricanes , Eric Staal 23 (Sergei Gonchar) at 2:05

Penalties :
No Penalty

Goalie Stats

Fredrik Norrena (WSH), 24 saves from 26 shots - (0.923), OTL, 17-11-7, 62:06 minutes
Cristobal Huet (CAR), 21 saves from 22 shots - (0.955), W, 21-27-2, 62:06 minutes

Players Stats

Capitals
Player Name              G  A  P  +/- PIM S  H  SB FO MP 
-----------------------------------------------------------
Adrian Aucoin            0  0  0  -1  0   0  0  0  0  21 
Alexander Ovechkin       0  0  0   0  2   6  4  0  2  21 
Alexander Semin          1  0  1   1  0   2  0  0  0  17 
Ben Clymer               0  0  0  -1  0   0  1  0  0  22 
Brian Pothier            0  0  0   0  2   1  0  0  0  18 
Brian Sutherby           0  0  0   0  0   1  1  1  11 18 
Bryan Muir               0  0  0   0  2   0  2  0  0  18 
Chris Clark              0  0  0   0  0   2  0  1  1  24 
Dainius Zubrus           0  1  1   1  0   2  1  1  24 20 
David Vyborny            0  0  0  -1  0   1  0  1  31 24 
Matt Cooke               0  0  0   1  0   0  0  1  0  6  
Matt Pettinger           0  0  0  -1  0   2  1  0  2  9  
Radek Bonk               0  0  0   0  0   0  0  0  6  9  
Richard Zednik           0  0  0   0  0   4  0  0  1  17 
Ryane Clowe              0  0  0   0  7   0  0  0  0  8  
Shaone Morrisonn         0  1  1   1  0   1  1  2  0  25 
Steve Eminger            0  0  0   1  2   0  0  1  0  20 
Trent Hunter             0  0  0   0  2   0  4  1  1  18 
Hurricanes
Player Name              G  A  P  +/- PIM S  H  SB FO MP 
-----------------------------------------------------------
Aaron Miller             0  0  0   0  0   0  1  1  0  17 
Brendan Morrison         0  0  0   0  0   2  0  0  4  6  
Brent Sopel              0  0  0   0  0   1  1  1  0  23 
Cory Stillman            0  0  0   0  0   2  0  0  0  10 
Craig Adams              0  0  0   0  9   0  0  0  0  9  
Eric Staal               1  0  1   1  0   3  0  1  23 22 
Erik Cole                0  0  0   0  0   2  3  0  5  20 
Jean-Pierre Vigier       0  0  0   0  2   1  2  0  1  16 
Jed Ortmeyer             0  0  0   0  2   0  1  0  0  6  
Joe Corvo                0  0  0   1  2   3  1  1  0  21 
Kevin Bieksa             0  0  0  -1  0   2  0  2  0  24 
Ladislav Nagy            0  1  1   0  0   2  0  0  4  20 
Mikko Koivu              0  0  0  -1  0   0  3  0  27 25 
Pavol Demitra            0  1  1   0  0   3  0  2  1  23 
Robert Scuderi           0  0  0   0  2   0  0  0  0  19 
Sergei Gonchar           1  1  2   0  0   2  3  1  0  23 
Shawn Bates              0  0  0  -1  0   1  0  0  1  16 
Wes Walz                 0  0  0   0  0   2  0  0  13 16 

3 Stars

1 - Sergei Gonchar (CAR)
2 - Cristobal Huet (CAR)
3 - Eric Staal (CAR)

Power Play

Capitals - 0 on 5 Attempt(s) - 0.00%
Hurricanes - 1 on 5 Attempt(s) - 20.00%

Penalty Kill

Capitals - 4 on 5 Attempt(s) - 80.00% - Score 0 goal in Penalty Kill
Hurricanes - 5 on 5 Attempt(s) - 100.00% - Score 0 goal in Penalty Kill

Game Notes

Craig Adams and Ryane Clowe fight to a draw at 9:09 of 1st period

Finance

Level 1 -- Attendance: 3853 (64.22%) -- Ticket Income $366,035.00
Level 2 -- Attendance: 3804 (70.71%) -- Ticket Income $209,220.00
Level 3 -- Attendance: 1222 (52.00%) -- Ticket Income $42,770.00
Level 4 -- Attendance: 3054 (76.35%) -- Ticket Income $61,080.00
Luxury Box -- Attendance: 759 (75.90%) -- Ticket Income $148,005.00
Game was played at the RBC Center
Total Attendance: 12692 (67.76%)
Total Ticket Income: $877,865.90
Other Income: $169,074.30
Total Income: $1,046,940.00


Play by Play

Period #1

0:01 of 1st period - David Vyborny wins face-off versus Eric Staal in neutral zone.
0:04 of 1st period - Shot by Alexander Ovechkin.
0:04 of 1st period - Stopped by Cristobal Huet without a rebound.
0:05 of 1st period - Dainius Zubrus wins face-off versus Mikko Koivu in Hurricanes zone.
0:06 of 1st period - Shot by Alexander Semin.
0:06 of 1st period - Deflect By Dainius Zubrus.
0:06 of 1st period - Shot Misses the Net.
0:23 of 1st period - Mikko Koivu is hit by Bryan Muir and loses puck.
0:40 of 1st period - Shot by Dainius Zubrus.
0:40 of 1st period - Shot Misses the Net.
1:01 of 1st period - Icing by Joe Corvo.
1:02 of 1st period - Eric Staal wins face-off versus Chris Clark in Hurricanes zone.
2:17 of 1st period - Shot by Craig Adams.
2:17 of 1st period - Shot Blocked by David Vyborny.
2:19 of 1st period - Shot by Wes Walz.
2:19 of 1st period - Stopped by Fredrik Norrena with a rebound.
3:21 of 1st period - Icing by Steve Eminger.
3:22 of 1st period - Brian Sutherby wins face-off versus Eric Staal in Capitals zone.
3:31 of 1st period - Shot by Richard Zednik.
3:31 of 1st period - Stopped by Cristobal Huet with a rebound.
3:33 of 1st period - Shot by Richard Zednik.
3:33 of 1st period - Stopped by Cristobal Huet without a rebound.
3:34 of 1st period - Eric Staal wins face-off versus Dainius Zubrus in Hurricanes zone.
3:34 of 1st period - Eric Staal is hit by Dainius Zubrus.
3:47 of 1st period - Alexander Semin is hit by Sergei Gonchar and loses puck.
3:56 of 1st period - Shot by Alexander Semin.
3:56 of 1st period - Shot Misses the Net.
3:58 of 1st period - Shot by Dainius Zubrus.
3:58 of 1st period - Stopped by Cristobal Huet with a rebound.
4:29 of 1st period - Icing by Bryan Muir.
4:30 of 1st period - Dainius Zubrus wins face-off versus Jean-Pierre Vigier in Capitals zone.
4:43 of 1st period - Shot by Wes Walz.
4:43 of 1st period - Shot Blocked by Steve Eminger.
4:45 of 1st period - Shot by Robert Scuderi.
4:45 of 1st period - Shot Misses the Net.
4:49 of 1st period - Shot by Jean-Pierre Vigier.
4:49 of 1st period - Stopped by Fredrik Norrena without a rebound.
4:50 of 1st period - Mikko Koivu wins face-off versus Brian Sutherby in Capitals zone.
4:59 of 1st period - Steve Eminger is hit by Mikko Koivu.
5:03 of 1st period - Shot by Richard Zednik.
5:03 of 1st period - Shot Misses the Net.
5:15 of 1st period - Shot by Erik Cole.
5:15 of 1st period - Stopped by Fredrik Norrena with a rebound.
6:11 of 1st period - Shot by Wes Walz.
6:11 of 1st period - Shot Hit the Post.
6:24 of 1st period - Off-side.
6:25 of 1st period - Eric Staal wins face-off versus Dainius Zubrus in neutral zone.
6:27 of 1st period - Off-side.
6:28 of 1st period - Dainius Zubrus wins face-off versus Eric Staal in neutral zone.
6:48 of 1st period - Minor Penalty to Trent Hunter for Hooking.
6:49 of 1st period - Mikko Koivu wins face-off versus Radek Bonk in neutral zone.
7:06 of 1st period - Shot by Kevin Bieksa.
7:06 of 1st period - Stopped by Fredrik Norrena with a rebound.
7:08 of 1st period - Shot by Kevin Bieksa.
7:08 of 1st period - Stopped by Fredrik Norrena without a rebound.
7:09 of 1st period - Brian Sutherby wins face-off versus Eric Staal in Capitals zone.
9:09 of 1st period - Craig Adams and Ryane Clowe fight to a draw.
9:09 of 1st period - Penalty to Craig Adams for Fighting.
9:09 of 1st period - Penalty to Ryane Clowe for Fighting.
9:10 of 1st period - Dainius Zubrus wins face-off versus Ladislav Nagy in Capitals zone.
9:16 of 1st period - Off-side.
9:17 of 1st period - Dainius Zubrus wins face-off versus Wes Walz in neutral zone.
9:22 of 1st period - Icing by Aaron Miller.
9:23 of 1st period - David Vyborny wins face-off versus Wes Walz in Hurricanes zone.
9:28 of 1st period - Shot by Alexander Ovechkin.
9:28 of 1st period - Deflect By Chris Clark.
9:28 of 1st period - Shot Misses the Net.
9:45 of 1st period - Shot by Alexander Ovechkin.
9:45 of 1st period - Stopped by Cristobal Huet with a rebound.
9:49 of 1st period - Shot by David Vyborny.
9:49 of 1st period - Deflect By Alexander Ovechkin.
9:49 of 1st period - Shot Blocked by Pavol Demitra.
9:51 of 1st period - Shot by Shaone Morrisonn.
9:51 of 1st period - Shot Misses the Net.
9:55 of 1st period - Shot by Alexander Ovechkin.
9:55 of 1st period - Stopped by Cristobal Huet without a rebound.
9:56 of 1st period - Brian Sutherby wins face-off versus Mikko Koivu in Hurricanes zone.
9:56 of 1st period - Dainius Zubrus is hit by Brent Sopel and loses puck.
10:06 of 1st period - Off-side.
10:07 of 1st period - Eric Staal wins face-off versus Dainius Zubrus in neutral zone.
10:14 of 1st period - Shot by Ladislav Nagy.
10:14 of 1st period - Shot Misses the Net.
10:16 of 1st period - Shot by Joe Corvo.
10:16 of 1st period - Shot Misses the Net.
10:18 of 1st period - Shot by Joe Corvo.
10:18 of 1st period - Stopped by Fredrik Norrena with a rebound.
10:25 of 1st period - Icing by Trent Hunter.
10:26 of 1st period - Dainius Zubrus wins face-off versus Mikko Koivu in Capitals zone.
10:26 of 1st period - Dainius Zubrus is hit by Erik Cole.
10:40 of 1st period - Shot by Alexander Semin.
10:40 of 1st period - Stopped by Cristobal Huet without a rebound.
10:41 of 1st period - Wes Walz wins face-off versus Brian Sutherby in Hurricanes zone.
11:37 of 1st period - Mikko Koivu is hit by Trent Hunter and loses puck.
12:08 of 1st period - Wes Walz is hit by Trent Hunter and loses puck.
13:04 of 1st period - Shot by Ladislav Nagy.
13:04 of 1st period - Stopped by Fredrik Norrena without a rebound.
13:05 of 1st period - Brendan Morrison wins face-off versus Dainius Zubrus in Capitals zone.
13:08 of 1st period - Shot by Erik Cole.
13:08 of 1st period - Stopped by Fredrik Norrena without a rebound.
13:09 of 1st period - Brendan Morrison wins face-off versus Dainius Zubrus in Capitals zone.
13:22 of 1st period - Shot by Shawn Bates.
13:22 of 1st period - Deflect By Erik Cole.
13:22 of 1st period - Shot Blocked by Dainius Zubrus.
13:26 of 1st period - Shot by Erik Cole.
13:26 of 1st period - Shot Misses the Net.
13:28 of 1st period - Shot by Shawn Bates.
13:28 of 1st period - Stopped by Fredrik Norrena without a rebound.
13:29 of 1st period - Eric Staal wins face-off versus David Vyborny in Capitals zone.
13:34 of 1st period - Shot by Pavol Demitra.
13:34 of 1st period - Deflect By Eric Staal.
13:34 of 1st period - Shot Blocked by Shaone Morrisonn.
14:19 of 1st period - Shot by Kevin Bieksa.
14:19 of 1st period - Shot Misses the Net.
14:21 of 1st period - Shot by Brendan Morrison.
14:21 of 1st period - Stopped by Fredrik Norrena without a rebound.
14:22 of 1st period - Dainius Zubrus wins face-off versus Mikko Koivu in Capitals zone.
15:29 of 1st period - Icing by Aaron Miller.
15:30 of 1st period - Wes Walz wins face-off versus Brian Sutherby in Hurricanes zone.
16:05 of 1st period - Shot by Brian Sutherby.
16:05 of 1st period - Stopped by Cristobal Huet with a rebound.
16:09 of 1st period - Shot by Richard Zednik.
16:09 of 1st period - Stopped by Cristobal Huet without a rebound.
16:10 of 1st period - Eric Staal wins face-off versus David Vyborny in Hurricanes zone.
16:28 of 1st period - Shot by Chris Clark.
16:28 of 1st period - Stopped by Cristobal Huet without a rebound.
16:29 of 1st period - Mikko Koivu wins face-off versus David Vyborny in Hurricanes zone.
17:55 of 1st period - Alexander Semin is hit by Sergei Gonchar and loses puck.
18:01 of 1st period - Minor Penalty to Joe Corvo for Hooking.
18:02 of 1st period - Wes Walz wins face-off versus David Vyborny in Hurricanes zone.
18:02 of 1st period - Brent Sopel is hit by Alexander Ovechkin and loses puck.
18:17 of 1st period - Kevin Bieksa is hit by Alexander Ovechkin and loses puck.
18:18 of 1st period - Minor Penalty to Alexander Ovechkin for High sticking.
18:19 of 1st period - David Vyborny wins face-off versus Mikko Koivu in Hurricanes zone.
18:22 of 1st period - Shot by David Vyborny.
18:22 of 1st period - Deflect By Matt Pettinger.
18:22 of 1st period - Stopped by Cristobal Huet without a rebound.
18:23 of 1st period - David Vyborny wins face-off versus Eric Staal in Hurricanes zone.
18:27 of 1st period - Icing by Robert Scuderi.
18:28 of 1st period - Eric Staal wins face-off versus David Vyborny in Hurricanes zone.
18:33 of 1st period - Shot by Pavol Demitra.
18:33 of 1st period - Stopped by Fredrik Norrena without a rebound.
18:34 of 1st period - Mikko Koivu wins face-off versus Matt Pettinger in Capitals zone.
18:52 of 1st period - Shot by Matt Pettinger.
18:52 of 1st period - Stopped by Cristobal Huet without a rebound.
18:53 of 1st period - Eric Staal wins face-off versus David Vyborny in Hurricanes zone.
19:28 of 1st period - Minor Penalty to Brian Pothier for Hooking.
19:29 of 1st period - Radek Bonk wins face-off versus Mikko Koivu in Capitals zone.
19:29 of 1st period - Radek Bonk is hit by Mikko Koivu.
19:53 of 1st period - Shot by Erik Cole.
19:53 of 1st period - Shot Misses the Net.

Period #2

0:01 of 2nd period - Mikko Koivu wins face-off versus Radek Bonk in neutral zone.
1:36 of 2nd period - Shot by Wes Walz.
1:36 of 2nd period - Shot Misses the Net.
1:40 of 2nd period - Shot by Wes Walz.
1:40 of 2nd period - Stopped by Fredrik Norrena with a rebound.
1:44 of 2nd period - Shot by Wes Walz.
1:44 of 2nd period - Shot Hit the Post.
1:46 of 2nd period - Shot by Jean-Pierre Vigier.
1:46 of 2nd period - Shot Misses the Net.
1:57 of 2nd period - Minor Penalty to Craig Adams for Holding.
1:58 of 2nd period - Matt Pettinger wins face-off versus Mikko Koivu in Capitals zone.
2:07 of 2nd period - Mikko Koivu is hit by Matt Pettinger and loses puck.
2:37 of 2nd period - Icing by Alexander Ovechkin.
2:38 of 2nd period - Mikko Koivu wins face-off versus Dainius Zubrus in Capitals zone.
2:46 of 2nd period - Icing by Alexander Semin.
2:47 of 2nd period - Dainius Zubrus wins face-off versus Mikko Koivu in Capitals zone.
3:15 of 2nd period - Shot by Shaone Morrisonn.
3:15 of 2nd period - Shot Misses the Net.
3:17 of 2nd period - Shot by Dainius Zubrus.
3:17 of 2nd period - Shot Blocked by Kevin Bieksa.
3:21 of 2nd period - Shot by Alexander Ovechkin.
3:21 of 2nd period - Stopped by Cristobal Huet with a rebound.
3:44 of 2nd period - Icing by Adrian Aucoin.
3:45 of 2nd period - David Vyborny wins face-off versus Mikko Koivu in Capitals zone.
3:58 of 2nd period - Matt Pettinger is hit by Joe Corvo and loses puck.
5:00 of 2nd period - Off-side.
5:01 of 2nd period - Mikko Koivu wins face-off versus Dainius Zubrus in neutral zone.
5:24 of 2nd period - Shot by Dainius Zubrus.
5:24 of 2nd period - Stopped by Cristobal Huet without a rebound.
5:25 of 2nd period - David Vyborny wins face-off versus Wes Walz in Hurricanes zone.
6:00 of 2nd period - Shot by Craig Adams.
6:00 of 2nd period - Shot Misses the Net.
6:30 of 2nd period - Shot by Pavol Demitra.
6:30 of 2nd period - Deflect By Eric Staal.
6:30 of 2nd period - Shot Misses the Net.
6:32 of 2nd period - Shot by Pavol Demitra.
6:32 of 2nd period - Shot Misses the Net.
6:34 of 2nd period - Shot by Pavol Demitra.
6:34 of 2nd period - Shot Misses the Net.
6:38 of 2nd period - Shot by Sergei Gonchar.
6:38 of 2nd period - Shot Misses the Net.
6:40 of 2nd period - Shot by Eric Staal.
6:40 of 2nd period - Shot Blocked by Chris Clark.
6:44 of 2nd period - Shot by Pavol Demitra.
6:44 of 2nd period - Deflect By Ladislav Nagy.
6:44 of 2nd period - Shot Misses the Net.
6:46 of 2nd period - Shot by Ladislav Nagy.
6:46 of 2nd period - Shot Blocked by Shaone Morrisonn.
6:48 of 2nd period - Shot by Joe Corvo.
6:48 of 2nd period - Stopped by Fredrik Norrena without a rebound.
6:49 of 2nd period - Shawn Bates wins face-off versus Dainius Zubrus in Capitals zone.
6:53 of 2nd period - Minor Penalty to Bryan Muir for Hooking.
6:54 of 2nd period - Radek Bonk wins face-off versus Mikko Koivu in Capitals zone.
6:54 of 2nd period - Radek Bonk is hit by Erik Cole.
8:01 of 2nd period - Shot by Sergei Gonchar.
8:01 of 2nd period - Stopped by Fredrik Norrena without a rebound.
8:02 of 2nd period - Eric Staal wins face-off versus Brian Sutherby in Capitals zone.
8:07 of 2nd period - Shot by Pavol Demitra.
8:07 of 2nd period - Deflect By Eric Staal.
8:07 of 2nd period - Shot Misses the Net.
8:11 of 2nd period - Shot by Pavol Demitra.
8:11 of 2nd period - Shot Misses the Net.
8:15 of 2nd period - Shot by Eric Staal.
8:15 of 2nd period - Stopped by Fredrik Norrena with a rebound.
8:46 of 2nd period - Shot by Cory Stillman.
8:46 of 2nd period - Stopped by Fredrik Norrena without a rebound.
8:47 of 2nd period - Brian Sutherby wins face-off versus Mikko Koivu in Capitals zone.
9:05 of 2nd period - Craig Adams is hit by Bryan Muir and loses puck.
10:46 of 2nd period - Minor Penalty to Ryane Clowe for Hooking.
10:47 of 2nd period - Radek Bonk wins face-off versus Ladislav Nagy in neutral zone.
11:00 of 2nd period - Shot by Joe Corvo.
11:00 of 2nd period - Stopped by Fredrik Norrena without a rebound.
11:01 of 2nd period - Eric Staal wins face-off versus Radek Bonk in Capitals zone.
11:29 of 2nd period - Shot by Sergei Gonchar.
11:29 of 2nd period - Goal by Sergei Gonchar - Capitals : 0 - Hurricanes : 1.
11:30 of 2nd period - Wes Walz wins face-off versus David Vyborny in neutral zone.
11:57 of 2nd period - Icing by Chris Clark.
11:58 of 2nd period - Alexander Ovechkin wins face-off versus Mikko Koivu in Capitals zone.
12:33 of 2nd period - Kevin Bieksa is hit by Alexander Ovechkin and loses puck.
13:02 of 2nd period - Shot by Eric Staal.
13:02 of 2nd period - Deflect By Pavol Demitra.
13:02 of 2nd period - Stopped by Fredrik Norrena without a rebound.
13:03 of 2nd period - Dainius Zubrus wins face-off versus Wes Walz in Capitals zone.
13:12 of 2nd period - Shot by Craig Adams.
13:12 of 2nd period - Shot Misses the Net.
13:16 of 2nd period - Shot by Jean-Pierre Vigier.
13:16 of 2nd period - Deflect By Wes Walz.
13:16 of 2nd period - Shot Misses the Net.
13:18 of 2nd period - Shot by Jean-Pierre Vigier.
13:18 of 2nd period - Shot Misses the Net.
14:03 of 2nd period - Shot by Pavol Demitra.
14:03 of 2nd period - Shot Blocked by Trent Hunter.
14:07 of 2nd period - Shot by Pavol Demitra.
14:07 of 2nd period - Shot Misses the Net.
14:09 of 2nd period - Shot by Ladislav Nagy.
14:09 of 2nd period - Shot Misses the Net.
14:13 of 2nd period - Shot by Pavol Demitra.
14:13 of 2nd period - Shot Misses the Net.
14:15 of 2nd period - Shot by Joe Corvo.
14:15 of 2nd period - Shot Misses the Net.
14:19 of 2nd period - Shot by Sergei Gonchar.
14:19 of 2nd period - Shot Misses the Net.
14:21 of 2nd period - Shot by Joe Corvo.
14:21 of 2nd period - Shot Misses the Net.
14:23 of 2nd period - Shot by Ladislav Nagy.
14:23 of 2nd period - Stopped by Fredrik Norrena without a rebound.
14:24 of 2nd period - Brian Sutherby wins face-off versus Mikko Koivu in Capitals zone.
14:24 of 2nd period - Brian Sutherby is hit by Erik Cole.
14:48 of 2nd period - Shot by Erik Cole.
14:48 of 2nd period - Shot Misses the Net.
14:50 of 2nd period - Shot by Shawn Bates.
14:50 of 2nd period - Shot Misses the Net.
14:52 of 2nd period - Shot by Brent Sopel.
14:52 of 2nd period - Stopped by Fredrik Norrena without a rebound.
14:53 of 2nd period - Eric Staal wins face-off versus David Vyborny in Capitals zone.
15:10 of 2nd period - Shot by Alexander Ovechkin.
15:10 of 2nd period - Deflect By Chris Clark.
15:10 of 2nd period - Shot Misses the Net.
15:12 of 2nd period - Shot by David Vyborny.
15:12 of 2nd period - Shot Blocked by Joe Corvo.
15:22 of 2nd period - Shot by David Vyborny.
15:22 of 2nd period - Shot Blocked by Eric Staal.
15:55 of 2nd period - Ryane Clowe is hit by Aaron Miller and loses puck.
16:07 of 2nd period - Minor Penalty to Robert Scuderi for Roughing.
16:08 of 2nd period - Wes Walz wins face-off versus David Vyborny in Hurricanes zone.
16:16 of 2nd period - Off-side.
16:17 of 2nd period - Alexander Ovechkin wins face-off versus Wes Walz in neutral zone.
16:22 of 2nd period - Shot by Brian Pothier.
16:22 of 2nd period - Stopped by Cristobal Huet without a rebound.
16:23 of 2nd period - Mikko Koivu wins face-off versus David Vyborny in Hurricanes zone.
18:21 of 2nd period - Shot by Eric Staal.
18:21 of 2nd period - Stopped by Fredrik Norrena without a rebound.
18:22 of 2nd period - Wes Walz wins face-off versus David Vyborny in Capitals zone.
18:28 of 2nd period - Shot by Jean-Pierre Vigier.
18:28 of 2nd period - Shot Misses the Net.
18:32 of 2nd period - Shot by Craig Adams.
18:32 of 2nd period - Shot Blocked by Brian Sutherby.
18:57 of 2nd period - Minor Penalty to Craig Adams for Holding.
18:58 of 2nd period - Pavol Demitra wins face-off versus Dainius Zubrus in Capitals zone.
19:13 of 2nd period - Shot by Alexander Ovechkin.
19:13 of 2nd period - Stopped by Cristobal Huet without a rebound.
19:14 of 2nd period - Dainius Zubrus wins face-off versus Mikko Koivu in Hurricanes zone.
19:14 of 2nd period - Dainius Zubrus is hit by Sergei Gonchar.
19:29 of 2nd period - Off-side.
19:30 of 2nd period - David Vyborny wins face-off versus Wes Walz in neutral zone.
19:55 of 2nd period - Shot by Alexander Ovechkin.
19:55 of 2nd period - Shot Misses the Net.
19:57 of 2nd period - Shot by Shaone Morrisonn.
19:57 of 2nd period - Shot Misses the Net.
19:59 of 2nd period - Shot by Shaone Morrisonn.
19:59 of 2nd period - Stopped by Cristobal Huet without a rebound.

Period #3

0:01 of 3rd period - Mikko Koivu wins face-off versus David Vyborny in neutral zone.
0:03 of 3rd period - Robert Scuderi is hit by Shaone Morrisonn and loses puck.
0:57 of 3rd period - Icing by Adrian Aucoin.
0:58 of 3rd period - Dainius Zubrus wins face-off versus Erik Cole in Capitals zone.
2:04 of 3rd period - Kevin Bieksa is hit by Alexander Ovechkin and loses puck.
2:28 of 3rd period - Shot by David Vyborny.
2:28 of 3rd period - Deflect By Alexander Ovechkin.
2:28 of 3rd period - Stopped by Cristobal Huet without a rebound.
2:29 of 3rd period - David Vyborny wins face-off versus Mikko Koivu in Hurricanes zone.
2:38 of 3rd period - Shot by Chris Clark.
2:38 of 3rd period - Stopped by Cristobal Huet with a rebound.
2:47 of 3rd period - Shot by Alexander Ovechkin.
2:47 of 3rd period - Shot Misses the Net.
2:49 of 3rd period - Shot by Chris Clark.
2:49 of 3rd period - Shot Misses the Net.
4:35 of 3rd period - Off-side.
4:36 of 3rd period - Erik Cole wins face-off versus David Vyborny in neutral zone.
4:45 of 3rd period - Icing by Ben Clymer.
4:46 of 3rd period - Brendan Morrison wins face-off versus David Vyborny in Capitals zone.
5:09 of 3rd period - Shot by Brendan Morrison.
5:09 of 3rd period - Shot Misses the Net.
5:11 of 3rd period - Shot by Brendan Morrison.
5:11 of 3rd period - Shot Misses the Net.
5:22 of 3rd period - Icing by Shaone Morrisonn.
5:23 of 3rd period - Eric Staal wins face-off versus David Vyborny in Capitals zone.
7:02 of 3rd period - Minor Penalty to Jed Ortmeyer for Hooking.
7:02 of 3rd period - Minor Penalty to Steve Eminger for Holding.
7:03 of 3rd period - Dainius Zubrus wins face-off versus Mikko Koivu in Capitals zone.
7:22 of 3rd period - Adrian Aucoin is hit by Mikko Koivu and loses puck.
8:08 of 3rd period - Shot by Richard Zednik.
8:08 of 3rd period - Stopped by Cristobal Huet without a rebound.
8:09 of 3rd period - Ladislav Nagy wins face-off versus Trent Hunter in Hurricanes zone.
10:27 of 3rd period - Shot by Cory Stillman.
10:27 of 3rd period - Stopped by Fredrik Norrena without a rebound.
10:28 of 3rd period - David Vyborny wins face-off versus Erik Cole in Capitals zone.
10:33 of 3rd period - Shot by Alexander Ovechkin.
10:33 of 3rd period - Shot Misses the Net.
10:36 of 3rd period - Icing by Sergei Gonchar.
10:37 of 3rd period - David Vyborny wins face-off versus Erik Cole in Hurricanes zone.
10:56 of 3rd period - Sergei Gonchar is hit by Ben Clymer and loses puck.
11:47 of 3rd period - Icing by Bryan Muir.
11:48 of 3rd period - Mikko Koivu wins face-off versus Dainius Zubrus in Capitals zone.
11:57 of 3rd period - Mikko Koivu is hit by Trent Hunter and loses puck.
12:11 of 3rd period - Minor Penalty to Jean-Pierre Vigier for Tripping.
12:12 of 3rd period - Wes Walz wins face-off versus David Vyborny in neutral zone.
12:35 of 3rd period - Shot by Alexander Ovechkin.
12:35 of 3rd period - Shot Blocked by Kevin Bieksa.
12:43 of 3rd period - Brian Pothier is hit by Jed Ortmeyer and loses puck.
13:47 of 3rd period - Shot by Bryan Muir.
13:47 of 3rd period - Shot Blocked by Aaron Miller.
13:49 of 3rd period - Shot by Trent Hunter.
13:49 of 3rd period - Shot Blocked by Sergei Gonchar.
13:51 of 3rd period - Shot by Steve Eminger.
13:51 of 3rd period - Deflect By Matt Pettinger.
13:51 of 3rd period - Shot Misses the Net.
14:15 of 3rd period - Shot by Chris Clark.
14:15 of 3rd period - Shot Blocked by Brent Sopel.
14:41 of 3rd period - Shot by Pavol Demitra.
14:41 of 3rd period - Shot Misses the Net.
14:43 of 3rd period - Shot by Pavol Demitra.
14:43 of 3rd period - Stopped by Fredrik Norrena without a rebound.
14:44 of 3rd period - David Vyborny wins face-off versus Ladislav Nagy in Capitals zone.
15:35 of 3rd period - Cory Stillman is hit by Brian Sutherby.
16:09 of 3rd period - Shot by Pavol Demitra.
16:09 of 3rd period - Shot Blocked by Matt Cooke.
16:37 of 3rd period - Shot by Alexander Semin.
16:37 of 3rd period - Goal by Alexander Semin - Capitals : 1 - Hurricanes : 1.
16:38 of 3rd period - Dainius Zubrus wins face-off versus Eric Staal in neutral zone.
17:00 of 3rd period - Shaone Morrisonn is hit by Jean-Pierre Vigier.
17:42 of 3rd period - Shot by Alexander Ovechkin.
17:42 of 3rd period - Shot Misses the Net.
17:44 of 3rd period - Shot by Chris Clark.
17:44 of 3rd period - Shot Misses the Net.
17:48 of 3rd period - Shot by Alexander Ovechkin.
17:48 of 3rd period - Shot Blocked by Pavol Demitra.
18:25 of 3rd period - Icing by Sergei Gonchar.
18:26 of 3rd period - Eric Staal wins face-off versus Richard Zednik in Hurricanes zone.
18:26 of 3rd period - Eric Staal is hit by Trent Hunter.
18:37 of 3rd period - Shot by Brendan Morrison.
18:37 of 3rd period - Stopped by Fredrik Norrena without a rebound.
18:38 of 3rd period - Brian Sutherby wins face-off versus Erik Cole in Capitals zone.
19:16 of 3rd period - Radek Bonk is hit by Jean-Pierre Vigier and loses puck.
19:32 of 3rd period - Icing by Alexander Semin.
19:33 of 3rd period - Brian Sutherby wins face-off versus Brendan Morrison in Capitals zone.

Overtime #1

0:01 of 1st overtime period - David Vyborny wins face-off versus Eric Staal in neutral zone.
0:04 of 1st overtime period - Shot by Chris Clark.
0:04 of 1st overtime period - Deflect By David Vyborny.
0:04 of 1st overtime period - Stopped by Cristobal Huet without a rebound.
0:05 of 1st overtime period - David Vyborny wins face-off versus Mikko Koivu in Hurricanes zone.
1:13 of 1st overtime period - Icing by Chris Clark.
1:14 of 1st overtime period - Eric Staal wins face-off versus Dainius Zubrus in Capitals zone.
1:44 of 1st overtime period - Off-side.
1:45 of 1st overtime period - David Vyborny wins face-off versus Eric Staal in neutral zone.
1:53 of 1st overtime period - Icing by Sergei Gonchar.
1:54 of 1st overtime period - Eric Staal wins face-off versus David Vyborny in Hurricanes zone.
2:05 of 1st overtime period - Shot by Eric Staal.
2:05 of 1st overtime period - Goal by Eric Staal - Capitals : 1 - Hurricanes : 2.


Output by the SimonT Hockey Simulator (STHS) for Stephane Roy -- Original Page W3C XHTML 1.0 Valid